Map: Data-C

Players

Giantorange - Winner!

  • Race: Terran Terran
  • League: Master
  • Spawn Location: 9:00

ASConviction

  • Race: Protoss Protoss
  • Spawn Location: 3:00

VOD

Have the link to the VOD?

Description

Time

  • Played on: Aug. 21, 2022, 9:55 p.m.
  • Length: 17:44
Show
View Real Time Build Order
Export as new Build Order

Giantorange Terran - Winner!

Build Orders:  

Get SALT Encoding   

  12  0:00  SCV  
  13  0:12  SCV  
  14  0:17  Supply Depot  
  14  0:24  SCV  
  15  0:39  SCV  
  15  0:41  Barracks  
  16  0:44  Refinery  
  16  0:51  SCV  
  16  0:53  Refinery  
  17  1:03  SCV  
  18  1:15  SCV  
  19  1:28  Reaper  
  19  1:32  Supply Depot, Orbital Command  
  20  1:46  Factory  
  20  1:58  SCV  
  20  2:00  Reaper  
  22  2:10  SCV  
  23  2:20  Command Center  
  23  2:26  SCV  
  24  2:31  Hellion  
  24  2:32  Reaper  
  27  2:47  SCV  
  28  2:51  Supply Depot  
  28  2:52  Hellion  
  30  3:04  Reaper  
  30  3:15  Factory Tech Lab  
  30  3:16  SCV  
  31  3:24  Command Center  
  31  3:32  SCV  
  32  3:35  Cyclone  
  32  3:37  Orbital Command  
  34  4:03  Marine  
  34  4:05  SCV x2  
  34  4:07  Starport  
  34  4:17  SCV  
  34  4:25  Cyclone  
  34  4:29  Barracks Reactor  
  37  4:44  SCV  
  36  4:45  Starport Tech Lab  
  36  4:46  Orbital Command  
  36  4:48  SCV  
  36  4:51  Barracks x2  
  37  4:56  SCV  
  34  5:09  SCV x2  
  34  5:10  Bunker, Banshee, Cloaking Field  
  39  5:16  Marine x2, Siege Tank  
  39  5:21  SCV x2  
  46  5:25  SCV  
  47  5:33  SCV, Supply Depot  
  47  5:34  SCV, Marine x2, Supply Depot  
  51  5:41  Barracks Tech Lab x2  
  51  5:42  SCV  
  52  5:45  SCV  
  53  5:51  Engineering Bay  
  53  5:53  SCV, Engineering Bay  
  53  5:54  SCV, Marine x2  
  53  5:56  Banshee  
  60  5:59  SCV  
  61  6:05  SCV  
  61  6:06  Stimpack  
  61  6:07  SCV  
  61  6:09  Refinery x2  
  63  6:12  SCV  
  63  6:13  Marine x2  
  63  6:14  Marine x2  
  63  6:17  SCV  
  67  6:19  SCV  
  57  6:34  SCV  
  57  6:35  Marine x3  
  57  6:39  Marine  
  59  6:40  Combat Shield  
  59  6:42  SCV  
  61  6:48  SCV  
  61  6:52  Marine x2  
  64  6:55  Marine  
  64  6:57  SCV x2, Marine  
  64  7:00  SCV  
  64  7:09  SCV  
  64  7:13  Marauder  
  65  7:21  Marine x3  
  65  7:22  SCV  
  66  7:28  SCV x2  
  65  7:31  Terran Infantry Weapons Level 1, Terran Infantry Armor Level 1  
  65  7:34  SCV  
  65  7:35  Marauder  
  68  7:37  Barracks x2  
  68  7:40  SCV, Marauder  
  68  7:42  SCV  
  68  7:43  Marine x2  
  74  7:46  SCV  
  75  7:54  Siege Tank  
  75  7:56  Marine  
  75  7:57  SCV  
  80  8:00  SCV x2  
  82  8:09  SCV  
  82  8:10  Starport Reactor, Marine x2  
  85  8:21  SCV x2, Marine x2, Supply Depot  
  85  8:22  Supply Depot x2  
  85  8:23  Concussive Shells  
  89  8:31  Marine x2, Orbital Command  
  89  8:34  Barracks Reactor  
  91  8:35  SCV x2  
  93  8:41  Marine  
  93  8:42  Marauder  
  93  8:45  Armory, Supply Depot x2  
  93  8:47  SCV  
  80  9:05  Marine x3, Marauder  
  80  9:06  Marauder  
  85  9:11  Marine  
  85  9:12  SCV x3  
  85  9:16  Medivac x2  
  93  9:21  Marine  
  93  9:23  Marine x2  
  93  9:24  SCV x2, Marauder  
  98  9:25  SCV  
  98  9:27  Marauder  
  100  9:35  Terran Infantry Weapons Level 2  
  100  9:36  SCV, Terran Infantry Armor Level 2  
  100  9:38  Factory Reactor  
  101  9:44  SCV x2, Command Center  
  103  9:46  Medivac, Refinery  
  103  9:48  SCV, Medivac  
  105  10:01  SCV x2  
  105  10:02  SCV  
  105  10:03  Refinery  
  105  10:04  Marine x2  
  105  10:05  Marine x2, Marauder x3  
  118  10:08  Ghost Academy  
  118  10:13  SCV x2  
  120  10:21  Widow Mine x2, Barracks  
  124  10:22  Marine  
  124  10:24  SCV  
  124  10:26  Marauder  
  128  10:29  Barracks  
  128  10:30  Barracks  
  128  10:31  Medivac x2  
  129  10:49  SCV x2  
  131  10:53  Marine x4, Marauder x3  
  141  11:11  Marine  
  142  11:13  Ghost  
  142  11:14  Marauder  
  142  11:15  Marauder  
  148  11:22  Marine x3, Marauder  
  139  11:30  Marine  
  133  11:36  Widow Mine x2, Marauder x2  
  137  11:41  Viking x2  
  137  11:43  Starport, Planetary Fortress, Marauder  
  143  11:48  Barracks Tech Lab x2  
  143  11:55  Terran Infantry Armor Level 3, Terran Infantry Weapons Level 3  
  143  11:56  Missile Turret  
  143  12:00  Terran Ship Weapons Level 1  
  143  12:02  Marine x2, Marauder  
  147  12:11  Marine x3  
  147  12:12  Marine x4  
  147  12:13  Sensor Tower  
  154  12:16  Refinery  
  154  12:17  Refinery  
  154  12:19  Marine  
  155  12:25  Ghost  
  156  12:31  Supply Depot x2  
  156  12:39  Marine  
  156  12:44  Ghost x2, Marine  
  156  12:46  Marine x2  
  156  12:47  Marine  
  152  12:52  SCV  
  152  12:53  Ghost  
  152  12:54  Ghost  
  152  12:55  SCV x2  
  152  12:56  SCV  
  160  13:04  SCV  
  152  13:30  Ghost x2, Marine x3  
  152  13:34  SCV x2  
  159  13:42  Starport Reactor  
  159  13:43  Marine  
  159  13:44  Marine x4  
  159  13:48  Marine x2, Supply Depot  
  164  13:50  Supply Depot, Viking x2  
  160  14:16  Ghost x2  
  160  14:17  Ghost x4  
  158  14:23  Viking  
  151  14:32  Marine x4  
  151  14:38  SCV x2  
  157  14:42  Viking x3  
  157  14:43  Command Center  
  157  14:44  SCV  
  157  14:45  SCV, Marine  
  165  14:50  SCV  
  167  14:53  SCV  
  167  14:57  SCV x2  
  158  15:25  Marine x5, Marauder  
  158  15:26  Marine, Marauder x3  
  153  15:40  SCV  
  153  15:42  Marine  
  143  15:43  Marine x4  
  143  15:44  Marauder  
  143  15:46  Marine x3  
  139  16:10  SCV, Marine x3, Marauder x2  
  139  16:11  SCV x3  
  142  16:23  SCV x2  
  140  16:27  Marauder x2  
  140  16:28  Marauder  
  143  16:38  Marine x3, Marauder x3  
  141  16:59  Marine x3, Marauder  
  141  17:00  Marine, Marauder x2  
  133  17:10  Medivac x2  
  133  17:13  SCV x2  
  133  17:14  SCV  
  134  17:28  SCV  
  134  17:29  SCV x3  
Show
View Real Time Build Order
Export as new Build Order

ASConviction Protoss 

Build Orders: 1 Gate Expand 

Get SALT Encoding   

  12  0:00  Probe  
  13  0:12  Probe  
  14  0:18  Pylon  
  14  0:24  Probe  
  15  0:37  Probe (Chrono Boost)  
  15  0:38  Gateway  
  16  0:48  Probe (Chrono Boost), Assimilator  
  17  0:53  Probe (Chrono Boost)  
  18  1:03  Probe  
  19  1:15  Probe  
  20  1:24  Nexus  
  20  1:35  Cybernetics Core  
  20  1:36  Probe  
  21  1:44  Assimilator  
  21  1:49  Pylon  
  21  1:55  Probe  
  22  2:07  Probe  
  23  2:10  Adept (Chrono Boost)  
  23  2:14  Forge  
  25  2:17  Warp Gate  
  25  2:19  Probe  
  26  2:31  Probe  
  27  2:38  Probe  
  27  2:40  Robotics Facility  
  27  2:43  Probe  
  29  2:50  Gateway  
  29  2:51  Probe  
  30  3:00  Probe  
  30  3:01  Protoss Ground Weapons Level 1 (Chrono Boost)  
  30  3:03  Probe  
  31  3:13  Probe  
  31  3:15  Probe  
  33  3:26  Probe, Pylon  
  34  3:28  Probe  
  34  3:32  Warp Prism  
  37  3:35  Adept  
  37  3:39  Probe  
  37  3:40  Probe  
  41  3:51  Probe  
  41  3:52  Probe  
  36  4:03  Probe  
  36  4:04  Probe  
  36  4:15  Probe  
  37  4:18  Probe  
  37  4:25  Adept x2  
  37  4:28  Probe  
  42  4:38  Nexus  
  41  4:47  Adept  
  41  4:49  Stalker  
  41  4:50  Probe x2 (Chrono Boost)  
  47  5:05  Warp Prism  
  47  5:07  Probe x2 (Chrono Boost)  
  47  5:12  Protoss Ground Armor Level 1 (Chrono Boost)  
  47  5:13  Sentry x2  
  53  5:19  Probe  
  54  5:22  Pylon  
  54  5:27  Assimilator  
  54  5:34  Twilight Council  
  54  5:36  Pylon  
  54  5:40  Probe x2  
  56  5:48  Immortal (Chrono Boost)  
  56  5:52  Probe x2  
  56  5:53  Probe  
  63  6:01  Stalker  
  65  6:05  Probe x3, Stalker  
  70  6:12  Pylon  
  70  6:17  Probe x3  
  73  6:29  Probe  
  72  6:34  Probe x2  
  70  6:40  Adept x2  
  70  6:42  Probe  
  70  6:44  Shield Battery  
  70  6:46  Probe  
  79  6:50  Observer (Chrono Boost)  
  74  6:54  Probe x2  
  71  7:16  Charge (Chrono Boost)  
  69  7:25  Probe x2  
  69  7:27  Protoss Ground Weapons Level 2 (Chrono Boost)  
  67  7:35  Probe  
  68  7:37  Probe  
  68  7:43  Photon Cannon  
  69  7:45  Photon Cannon  
  69  7:50  Stalker x2  
  73  7:54  Probe x2  
  75  8:04  Gateway  
  75  8:05  Gateway  
  75  8:07  Gateway  
  75  8:08  Gateway  
  75  8:09  Gateway, Immortal  
  75  8:10  Gateway  
  75  8:12  Pylon  
  79  8:13  Zealot x2  
  79  8:14  Pylon  
  83  8:23  Probe x2  
  83  8:25  Probe  
  86  8:30  Pylon  
  86  8:33  Gateway  
  86  8:35  Probe, Pylon  
  86  8:37  Zealot x2  
  86  8:41  Blink (Chrono Boost)  
  81  9:01  Zealot x4  
  79  9:10  Probe x2  
  79  9:11  Probe  
  79  9:13  Stalker x4  
  90  9:21  Assimilator  
  90  9:22  Zealot, Probe x2  
  90  9:23  Zealot x3, Probe  
  101  9:25  Assimilator  
  101  9:30  Pylon  
  101  9:32  Pylon  
  101  9:33  Observer  
  101  9:37  Robotics Bay  
  102  9:39  Zealot x5  
  102  9:41  Probe x2  
  102  9:42  Templar Archives  
  114  9:48  Pylon  
  114  9:50  Pylon  
  112  9:53  Pylon  
  112  9:54  Protoss Ground Armor Level 2 (Chrono Boost)  
  106  10:10  Probe x2  
  106  10:13  Stalker x3  
  106  10:14  Stalker x2  
  118  10:16  Nexus  
  118  10:17  Zealot, Pylon  
  118  10:18  Zealot  
  122  10:25  Colossus (Chrono Boost)  
  122  10:26  Extended Thermal Lance  
  122  10:31  Probe x2  
  122  10:32  Probe  
  131  10:43  Probe x2  
  131  10:47  Probe  
  122  10:52  Shield Battery x2  
  122  10:55  Probe  
  122  10:56  High Templar x2  
  127  11:00  Archon  
  127  11:07  Zealot x5  
  137  11:11  Colossus (Chrono Boost)  
  128  11:36  Probe x3  
  131  11:44  Assimilator  
  131  11:45  Assimilator  
  131  11:47  Stalker x2  
  131  11:48  Probe  
  131  11:50  Nexus, Stalker  
  131  11:51  Stalker  
  140  11:56  Colossus (Chrono Boost)  
  140  11:59  Pylon  
  146  12:07  Protoss Ground Weapons Level 3 (Chrono Boost)  
  146  12:09  Adept x3  
  146  12:10  Adept x2  
  156  12:22  Probe  
  157  12:23  Probe x2  
  159  12:36  Disruptor (Chrono Boost)  
  158  12:50  Zealot x7  
  158  12:51  Zealot x2  
  166  12:52  Probe x3  
  166  12:57  Assimilator  
  169  13:05  Probe x2  
  171  13:19  Zealot  
  173  13:20  Zealot x7  
  187  13:28  Probe  
  188  13:45  Nexus  
  188  13:47  Gateway  
  188  13:49  Pylon  
  188  13:50  Gateway  
  188  13:52  Gateway  
  188  13:54  Pylon  
  188  13:55  Pylon  
  186  13:56  Disruptor (Chrono Boost), Pylon  
  169  14:27  Disruptor (Chrono Boost)  
  165  14:34  Photon Cannon  
  165  14:36  Photon Cannon  
  165  14:37  Photon Cannon, Stalker  
  165  14:38  Stalker x5  
  177  14:40  Photon Cannon  
  177  14:41  Photon Cannon  
  177  14:43  Shield Battery  
  177  14:44  Shield Battery  
  177  14:46  Pylon  
  177  14:48  Adept x5  
  177  14:49  Pylon  
  147  15:17  Zealot x12  
  105  15:55  Stalker  
  105  15:56  Stalker x10  
  103  16:00  Nexus  
  95  16:07  Pylon  
  91  16:14  Probe x3  
  94  16:18  Cybernetics Core  
  94  16:19  Stalker  
  94  16:20  Stalker x7  
  94  16:21  Gateway  
  90  16:51  Zealot x4  
  76  17:05  Probe x2  
  76  17:10  Cybernetics Core  
  76  17:12  Probe  
  77  17:17  Probe (Chrono Boost), Adept x5  
  77  17:18  Probe (Chrono Boost)  
  89  17:29  Probe (Chrono Boost)  
  92  17:30  Probe x2 (Chrono Boost)  
  92  17:36  Probe (Chrono Boost)  
Tags
 
League
Master
Matchup
PvT
Spawn Locations
Cross Positions
Add a new tag
Caveats
  • Supply blocks, unpowered buildings, or Contaminate may cause inaccurate times.
  • Supply counts are checked every 10 seconds.